 Dungeon Crawl Stone Soup version 0.16.1-4-g8e1b745 (webtiles) character file.

954 Zapata the Basher (level 8, -2/46 HPs)
             Began as a Kobold Berserker on Mar 26, 2015.
             Was a High Priest of Trog.
             Slain by a worker ant (4 damage)
             ... on level 5 of the Dungeon.
             The game lasted 00:08:13 (7093 turns).

Zapata the Basher (Kobold Berserker)                Turns: 7093, Time: 00:08:15

Health: -2/46      AC:  3    Str: 15      XL:     8   Next: 36%
Magic:  8/8        EV: 15    Int:  3 (5)  God:    Trog [*****.]
Gold:   270        SH:  0    Dex: 18      Spells: 0 memorised, 7 levels left

rFire  . . .     SeeInvis +     a - +1 whip (elec) (curse)
rCold  . . .     Clarity  .     b - +0 animal skin (curse)
rNeg   . . .     SustAb   .     (no shield)
rPois  .         Gourm    .     (no helmet)
rElec  .         Spirit   .     (no cloak)
rCorr  .         Warding  .     j - +0 pair of gloves (curse)
rMut   .         Stasis   .     (no boots)
MR     +....                    e - amulet of rage (curse)
Stlth  ++........               x - ring of see invisible
                                k - ring of protection from magic

@: lethally poisoned (-2 -> -46), somewhat resistant to hostile enchantments,
unstealthy
A: carnivore 3
a: Burn Spellbooks, Berserk, Trog's Hand, Brothers in Arms, Renounce Religion,
Evoke Berserk Rage


You were on level 5 of the Dungeon.
You worshipped Trog.
Trog was extremely pleased with you.
You were very full.

You visited 1 branch of the dungeon, and saw 5 of its levels.
You also visited: Ossuary.

You collected 270 gold pieces.

Inventory:

Hand weapons
 a - a cursed +1 whip of electrocution (weapon)
Missiles
 f - 3 tomahawks (quivered)
 h - 76 bolts
 l - 174 stones
Armour
 b - a cursed +0 animal skin (worn)
 j - a cursed +0 pair of gloves (worn)
 t - a +0 buckler
Jewellery
 e - a cursed amulet of rage (around neck)
 k - a ring of protection from magic (left hand)
 p - an uncursed ring of flight
 x - a ring of see invisible (right hand)
Magical devices
 y - a wand of enslavement (12)
 I - a wand of draining (6)
 L - a wand of cold (8)
Scrolls
 n - 4 scrolls of immolation
 o - 2 scrolls of teleportation
 s - a scroll of magic mapping
 u - a scroll of enchant armour
 A - 2 scrolls of random uselessness {unknown}
 B - a scroll of fear {unknown}
 C - a scroll of identify
 H - a scroll of holy word {unknown}
 J - a scroll of enchant weapon {unknown}
 K - a scroll of remove curse {unknown}
 N - a scroll of fog {unknown}
Potions
 d - 2 potions of brilliance
 g - a potion of magic {unknown}
 m - a potion of ambrosia {unknown}
 q - a potion of restore abilities {unknown}
 r - a potion of invisibility {unknown}
 w - 3 potions of degeneration
 z - 4 potions of poison
 D - 2 potions of curing {unknown}
 E - a potion of mutation {unknown}
 F - a potion of lignification
 G - a potion of berserk rage {unknown}
Comestibles
 c - 2 meat rations
 i - 2 slices of pizza
 v - a beef jerky


   Skills:
 - Level 3.2 Fighting
 + Level 9.6 Maces & Flails
 - Level 1.5 Armour
 - Level 2.4 Dodging


You had 7 spell levels left.
You didn't know any spells.

Dungeon Overview and Level Annotations

Branches:
Dungeon (5/15)
 Temple: D:4-7

Altars:
Makhleb
Qazlal


Innate Abilities, Weirdness & Mutations

You are small and have problems with some larger weapons.
You are carnivorous and can eat meat at any time.


Message History

The worker ant is severely wounded.
You feel sick.
The centaur shoots a poisoned arrow.
The poisoned arrow closely misses you. The worker ant barely misses you.
Huge Dmg: -60%(-28hp) hp: 40%(18hp) Drink which item? (? for menu, Esc to quit)
It was a potion of poison.
That liquid tasted very nasty...
You are more poisoned.
You feel very sick.
The centaur shoots a poisoned arrow.
The poisoned arrow hits you!
* * * LOW HITPOINT WARNING * * *
The worker ant closely misses you.
The centaur shoots a poisoned arrow.
The poisoned arrow closely misses you.
Huge Dmg: -29%(-13hp) hp: 11%(5hp) Drink which item? (? for menu, Esc to quit)
It was a potion of degeneration.
There was something very wrong with that liquid.
You feel dopey.
* * * LOW HITPOINT WARNING * * *
You feel very sick. The worker ant bites you.
You die...

#.# #...# #.#
##### #.# #.#
#.# #.#
#.#########
##.(.......##
#...@........
#....a<......
#...........
#..........#
#..........#
#..........
#.....)c.#
#.#######


You could see a centaur and a worker ant.

Vanquished Creatures
  2 ogres (D:4)
  A centaur (D:5)
  A crimson imp (D:5)
  3 hounds
  2 orc priests (D:3)
  4 worker ants
  2 orc wizards
  2 big kobold zombies (Ossuary)
  A hound skeleton (D:4)
  Terence (D:2)
  4 mummies (Ossuary)
  7 gnolls
  7 adders
  2 shadow imps
  A worm (D:2)
  A giant gecko (D:4)
  2 oozes
  10 orcs
  12 bats
  A bat skeleton (D:5)
  8 giant cockroaches
  2 gnoll zombies (Ossuary)
  18 hobgoblins
  12 jackals
  9 kobolds
  2 quokkas
  4 ball pythons
  5 giant newts
  5 goblins
  2 hobgoblin zombies (Ossuary)
  2 kobold zombies (Ossuary)
  11 rats
146 creatures vanquished.

Notes
Turn   | Place    | Note
--------------------------------------------------------------
     0 | D:1      | Zapata, the Kobold Berserker, began the quest for the Orb.
     0 | D:1      | Reached XP level 1. HP: 14/14 MP: 1/1
     2 | D:1      | Noticed a formicid
     4 | D:1      | Noticed a ghoul
     6 | D:1      | Noticed a vine stalker
     6 | D:1      | Noticed a naga
     8 | D:1      | Noticed a human
    10 | D:1      | Noticed a troll
    10 | D:1      | Noticed a demigod
    12 | D:1      | Noticed a gargoyle
    14 | D:1      | Noticed a demonspawn
    14 | D:1      | Noticed a felid
    16 | D:1      | Noticed an octopode
    16 | D:1      | Noticed a merfolk
    18 | D:1      | Noticed a centaur
    18 | D:1      | Noticed an ogre
    20 | D:1      | Noticed a spriggan
    20 | D:1      | Noticed an elf
    22 | D:1      | Noticed a minotaur
    22 | D:1      | Noticed a tengu
    24 | D:1      | Noticed a draconian
    24 | D:1      | Noticed a vampire
    26 | D:1      | Noticed a dwarf
   253 | D:1      | Reached XP level 2. HP: 13/19 MP: 2/2
   410 | D:1      | Acquired Trog's second power
   631 | D:1      | Reached skill level 4 in Maces & Flails
   631 | D:1      | Reached XP level 3. HP: 20/23 MP: 3/3
   988 | D:2      | Noticed Terence
   997 | D:2      | Killed Terence
  1102 | D:2      | Reached XP level 4. HP: 24/28 MP: 4/4
  1653 | D:2      | Reached skill level 5 in Maces & Flails
  1716 | D:2      | Reached XP level 5. HP: 16/32 MP: 5/5
  3094 | D:3      | Found a stormy altar of Qazlal.
  3155 | D:3      | Reached skill level 6 in Maces & Flails
  3663 | D:3      | Reached XP level 6. HP: 14/37 MP: 6/6
  4461 | D:3      | Reached skill level 7 in Maces & Flails
  4473 | D:3      | Acquired Trog's third power
  4673 | D:4      | Found a sand-covered staircase.
  4694 | D:4      | Reached XP level 7. HP: 41/41 MP: 7/7
  4758 | Ossuary  | Entered an ossuary
  5866 | D:4      | Reached skill level 8 in Maces & Flails
  6398 | D:4      | Reached XP level 8. HP: 44/46 MP: 8/8
  6654 | D:5      | Entered Level 5 of the Dungeon
  6712 | D:5      | Reached skill level 9 in Maces & Flails
  6936 | D:5      | Found a burning altar of Makhleb.
  7093 | D:5      | HP: 2/46 [poison (a potion of poison)]
  7093 | D:5      | Slain by a worker ant

Action                   |  1- 3 |  4- 6 |  7- 9 || total
-------------------------+-------+-------+-------++-------
Melee: Mace              |    96 |   171 |       ||   267
       Whip              |       |    41 |   194 ||   235
Throw: Stone             |       |     1 |       ||     1
       Tomahawk          |       |       |     1 ||     1
Invok: Berserk           |     2 |     9 |     4 ||    15
       Trog's Hand       |       |     1 |       ||     1
  Use: Potion            |       |     4 |     2 ||     6
       Scroll            |       |     6 |       ||     6
 Stab: Sleeping          |     1 |       |     2 ||     3
  Eat: Chunk             |    10 |    20 |    13 ||    43
